 Dungeon Crawl Stone Soup version 0.28-a0-998-gb9e9c7b67e (webtiles) character file.

Game seed: 4895794822285920918

1 ytrimaz the Ducker (level 1, -3/10 HPs)
             Began as a Felid Chaos Knight on Dec 5, 2021.
             Was a Plaything of Xom.
             Frozen to death by an endoplasm (4 damage)
             ... on level 1 of the Dungeon.
             The game lasted 00:00:14 (167 turns).

ytrimaz the Ducker (Felid Chaos Knight)              Turns: 167, Time: 00:00:15

Health: -3/10      AC:  1    Str:  8    XL:     1   Next: 16%
Magic:  2/2        EV: 17    Int: 13    God:    Xom [..*...]
Gold:   0          SH:  0    Dex: 15    Spells: 0/0 levels left
                                        Lives:  0   Deaths: 0

rFire   . . .      SeeInvis +     - Unarmed
rCold   . . .      Faith    .   (shield unavailable)
rNeg    . . .      Spirit   .   (armour unavailable)
rPois   .          Reflect  .   (helmet unavailable)
rElec   .          Harm     .   (cloak unavailable)
rCorr   .          Rampage  .   (gloves unavailable)
Will    .....                   (boots unavailable)
Stlth   +.........              (no amulet)
HPRegen 0.03/turn               (no ring)
MPRegen 0.08/turn               (no ring)

@: quick
A: very small, claws 1, fangs 3, see invisible, speed 1, shaggy fur 1, stealthy
paws, no weapons or thrown items, no armour, multi-lived
a: Renounce Religion


You were on level 1 of the Dungeon.
You worshipped Xom.
You were a toy of Xom.
You visited 1 branch of the dungeon, and saw 1 of its levels.

Inventory:

Scrolls
 a - a scroll of vulnerability {unknown}
 b - a scroll of amnesia {unknown}


   Skills:
 + Level 3.0 Fighting
 + Level 3.2 Dodging
 + Level 3.0 Unarmed Combat


You couldn't memorise any spells.
You didn't know any spells.
Your spell library was empty.

Dungeon Overview and Level Annotations

Branches:
Dungeon (1/15)

Altars:


Innate Abilities, Weirdness & Mutations

You have sharp claws.
You have razor-sharp teeth.
You have supernaturally acute eyesight. (SInv)
You cover ground quickly. (Speed+)
You are covered in fur. (AC +1)
Your paws help you pounce on unaware monsters.
You are incapable of wielding weapons or throwing items.
You cannot wear armour.
You gain extra lives every three experience levels.


Message History

The ball python is moderately wounded.
The ball python misses you. The ball python closely misses you.
You barely miss the ball python.
The ball python is moderately wounded.
The ball python bites you. The ball python barely misses you.
You scratch the ball python.
You kill the ball python! "How about this?"
A monocle briefly appears over your right eye.
HP restored.
A rat and a goblin come into view.
The goblin shouts!
You hear a shout! x2
There are monsters nearby!
There are monsters nearby!
A kobold comes into view. It is wielding a +0 short sword.
You see here a scroll labelled FYTOFR USCHIUV.
b - a scroll labelled FYTOFR USCHIUV The goblin misses you.
You scratch the kobold.
You kill the kobold!
The goblin barely misses you.
You scratch the goblin.
The goblin is heavily wounded.
The rat bites you. The goblin hits you with a +0 club.
You scratch the goblin but do no damage.
The goblin is heavily wounded.
The rat misses you. The goblin hits you with a +0 club.
* * * LOW HITPOINT WARNING * * *
You emit a cloud of colourful smoke!
Unknown command.
You barely miss the rat. Your bite misses the rat. The rat misses you.
The goblin misses you.
Unknown command.
Unknown command.
An endoplasm comes into view.
The endoplasm quivers.
Found a stone staircase leading down.
The endoplasm freezes you.
You are frozen.
You die...

#.......+ ....#
#.......###....#.
#....#....)......
###................
.......#....######.
........g..........
.......#....####### .
.......#############....
###.#.....g.r...@J......
.....♣♣♣...♣♣♣####......
####♣♣.......♣♣ .....
♣♣.).......♣♣ ....
♣....♣.♣....♣ ...
♣.....⌠.....♣ .>
#♣...♣.♣....♣ .
♣..........♣♣
♣<.#♣.....♣♣


You could see an endoplasm, a goblin and a rat.

Vanquished Creatures
  A ball python (D:1)
  A kobold (D:1)
2 creatures vanquished.

Notes
Turn   | Place    | Note
-------+----------+-------------------------------------------
     0 | D:1      | ytrimaz the Felid Chaos Knight began the quest for the Orb.
     0 | D:1      | Reached XP level 1. HP: 10/10 MP: 2/2
   101 | D:1      | XOM: silly message
   150 | D:1      | XOM: smoke on damage
   167 | D:1      | Frozen to death by an endoplasm

Illustrated notes

Levels and vault maps discovered:
D:1:      amcnicky_arrival_underground_garden, layout_basic,
          hellmonk_ecumenical_altar_run_dry, serial_shops, shop

Action                   || total
-------------------------++-------
Melee: Unarmed           ||    11
       Bite              ||     1
Dodge: Dodged            ||    17

Table legend: (Time is in decaauts)
 A = Elapsed time spent in this place.
 B = Non-inter-level travel time spent in this place.
 C = Inter-level travel time spent in this place.
 D = Time resting spent in this place.
 E = Time spent auto-exploring this place.
 F = Levels seen in this place.
 G = Mean time per level.
                   A        B        C        D        E       F      G
               +--------+--------+--------+--------+--------+-----+--------+
         Total |    156 |    156 |      0 |      0 |    121 |   1 |  156.0 |
       Dungeon |    156 |    156 |      0 |      0 |    121 |   1 |  156.0 |
               +--------+--------+--------+--------+--------+-----+--------+

Top non-repeatable levels by time:
     D:1: 156 daAuts
